 Dungeon Crawl Stone Soup version 0.17-a0-1910-g4c791fa (webtiles) character file.

360 Kusio the Basher (level 6, -3/93 HPs)
             Began as an Ogre Berserker on Sept 26, 2015.
             Was a Priest of Trog.
             Slain by a gnoll
             ... wielding a +0 halberd
              (11 damage)
             ... on level 4 of the Dungeon.
             The game lasted 00:11:41 (2826 turns).

Kusio the Basher (Ogre Berserker)                   Turns: 2826, Time: 00:11:43

Health: -3/93      AC:  3    Str: 29    XL:     6   Next: 65%
Magic:  6/6        EV: 10    Int:  6    God:    Trog [***...]
Gold:   215        SH:  0    Dex: 10    Spells: 0 memorised, 5 levels left

rFire  . . .     SeeInvis .     p - +0 giant club
rCold  . . .     Clarity  .     b - +0 animal skin
rNeg   . . .     SustAt   .     (no shield)
rPois  .         Gourm    .     (helmet restricted)
rElec  .         Spirit   .     (no cloak)
rCorr  .         Warding  .     (gloves unavailable)
rMut   .         Stasis   .     (boots unavailable)
MR     .....                    (no amulet)
Stlth  ..........               (no ring)
                                (no ring)

@: berserking, very quick, not resistant to hostile enchantments, extremely
unstealthy
A: unfitting armour, tough skin 1
a: Burn Spellbooks, Berserk, Trog's Hand, Renounce Religion


You were on level 4 of the Dungeon.
You worshipped Trog.
Trog was most pleased with you.
You were hungry.

You visited 1 branch of the dungeon, and saw 4 of its levels.

You collected 215 gold pieces.

Inventory:

Hand weapons
 a - a +0 mace
 p - a +0 giant club (weapon)
Armour
 b - a +0 animal skin (worn)
Scrolls
 i - 3 scrolls of teleportation
 k - 2 scrolls of enchant weapon
 m - a scroll of fog {unknown}
 n - a scroll of magic mapping {unknown}
 r - a scroll of blinking {unknown}
Potions
 d - a potion of heal wounds {unknown}
 e - a potion of beneficial mutation {unknown}
 f - a potion of lignification {unknown}
 g - a potion of poison {unknown}
 h - a potion of might {unknown}
 j - a potion of curing {unknown}
 q - a potion of brilliance {unknown}
 s - a potion of berserk rage {unknown}
 t - a potion of resistance {unknown}
Comestibles
 c - 2 bread rations
 l - 2 meat rations


   Skills:
 - Level 4.0 Fighting
 * Level 9.5 Maces & Flails
 - Level 2.6 Dodging


You had 5 spell levels left.
You didn't know any spells.

Dungeon Overview and Level Annotations

Branches:
Dungeon (4/15)             Temple (0/1) D:4

Altars:
Trog
Vehumet


Innate Abilities, Weirdness & Mutations

You are too large for most types of armour.
You have tough skin (AC +1).


Message History

The gnoll hits you from afar with a halberd.
The gnoll barely misses you. The gnoll hits you with a halberd.
You see here a whip.
You barely miss the gnoll. The gnoll hits you but does no damage.
You barely miss the gnoll. The gnoll closely misses you.
The gnoll hits you from afar with a spear!
You barely miss the gnoll.
The gnoll hits you from afar with a spear.
The gnoll hits you with a halberd!
You barely miss the gnoll. The gnoll closely misses you.
The gnoll hits you with a halberd!
* * * LOW HITPOINT WARNING * * *
Use which ability?
A red film seems to cover your vision as you go berserk!
You feel yourself moving faster!
You feel mighty!
You are feeling hungry.
The gnoll hits you from afar with a spear.
* * * LOW HITPOINT WARNING * * *
The gnoll hits you with a halberd!
You die...

.)..[†...##.......# #...##....#
.##....#####..##### #...##.....
.#..##...##...### ##.##......
....####.#..#...# ####..†..(
.#....##....###.# ##......
...##..#....# #.# ###.......
##.....#....# #.# #.........
###.#......# #.########.##......
#.##.....# #.@.#..............
#........# ###g#.###..........
.####.#....#####g..#...####.....
. .. #..##.....###.#...## #####
. #.##.###..#..........# .
#............g#...##.# .
####...####..g#....#.# .
#......###..........## ####
?####.####...#g..........###..##


You could see 2 gnolls.

Vanquished Creatures
  An ogre (D:4)
  An iguana (D:4)
  An orc wizard (D:4)
  An orc priest (D:4)
  A hound (D:4)
  A gnoll (D:4)
  5 adders
  A shadow imp (D:3)
  An ooze (D:1)
  2 worms
  4 orcs
  3 giant cockroaches
  8 hobgoblins
  12 jackals
  A ball python (D:3)
  7 bats
  2 giant geckos
  3 giant newts
  10 goblins
  A jackal skeleton (D:4)
  4 kobolds
  9 rats
79 creatures vanquished.

Notes
Turn   | Place    | Note
--------------------------------------------------------------
     0 | D:1      | Kusio the Ogre Berserker began the quest for the Orb.
     0 | D:1      | Reached XP level 1. HP: 24/24 MP: 1/1
   213 | D:1      | Reached XP level 2. HP: 17/32 MP: 2/2
   248 | D:1      | Reached skill level 5 in Maces & Flails
   684 | D:1      | Reached XP level 3. HP: 39/39 MP: 3/3
   708 | D:1      | Acquired Trog's second power
   972 | D:2      | Reached skill level 6 in Maces & Flails
  1717 | D:3      | Reached XP level 4. HP: 39/48 MP: 4/4
  2130 | D:3      | Reached skill level 7 in Maces & Flails
  2202 | D:3      | Reached XP level 5. HP: 39/54 MP: 5/5
  2441 | D:3      | Found a bloodstained altar of Trog.
  2552 | D:4      | Reached skill level 8 in Maces & Flails
  2553 | D:4      | Noticed an ogre
  2559 | D:4      | Killed an ogre
  2559 | D:4      | Reached skill level 9 in Maces & Flails
  2559 | D:4      | Reached XP level 6. HP: 62/62 MP: 6/6
  2616 | D:4      | Found a radiant altar of Vehumet.
  2694 | D:4      | Found a staircase to the Ecumenical Temple.
  2826 | D:4      | Slain by a gnoll

Vault maps used:
D:1:      dpeg_arrival_brainrot
D:2:      minmay_misc_feat_room
D:3:      lightli_temple_of_fire
D:4:      vehumet_crystals, lemuel_coloured_pillars_altar, temple_fountains,
          minmay_gold_behind_fungi

Action                   |  1- 3 |  4- 6 || total
-------------------------+-------+-------++-------
Melee: Mace              |   103 |    93 ||   196
       Giant club        |       |    21 ||    21
Invok: Berserk           |     1 |     2 ||     3
       Burn Spellbooks   |     1 |       ||     1
  Use: Scroll            |     5 |     1 ||     6
 Stab: Sleeping          |     1 |       ||     1
  Eat: Chunk             |     3 |     5 ||     8
